 Dungeon Crawl Stone Soup version 0.20-a0-673-g53087c7 (webtiles) character file.

308 M4edhros the Covert (level 6, -15/38 HPs)
             Began as an Octopode Artificer on Feb 17, 2017.
             Demolished by an orc warrior
             ... wielding a +0 battleaxe
              (17 damage)
             ... on level 4 of the Dungeon.
             The game lasted 00:02:38 (1690 turns).

M4edhros the Covert (Octopode Artificer)            Turns: 1690, Time: 00:02:38

Health: -15/38     AC:  3    Str:  9 (11) XL:     6   Next: 40%
Magic:  8/8        EV: 13    Int: 12 (13) God:
Gold:   82         SH:  0    Dex: 12 (13) Spells: 5/5 levels left

rFire    + . .     SeeInvis .   a - +0 short sword
rCold    . . .     Gourm    .   (no shield)
rNeg     . . .     Faith    .   (helmet restricted)
rPois    .         Spirit   .   (no amulet)
rElec    .         Reflect  .   (no ring)
rCorr    .         Harm     .   (no ring)
MR       .....                  (no ring)
Stlth    +++++.....             (no ring)
Regen    0.2/turn               (no ring)
MPRegen  0.2/turn               (no ring)
                                (no ring)
                                (no ring)

@: no status effects
A: almost no armour, stealthy swim, amphibious, 8 rings, constrict 8, tentacle
spike 1, slimy green scales 1, camouflage 1, clumsy 1, fire resistance 1,
mutation resistance 1, gelatinous body 1
a: no special abilities


You were on level 4 of the Dungeon.
You were not hungry.

You visited 1 branch of the dungeon, and saw 5 of its levels.

You collected 82 gold pieces.

Inventory:

Hand Weapons
 a - a +0 short sword (weapon)
Missiles
 n - 73 stones (quivered)
Wands
 b - a wand of flame (10/48)
 c - a wand of enslavement (5/24)
 d - a wand of random effects (6/48)
Scrolls
 i - a scroll of enchant weapon {unknown}
 l - a scroll of remove curse {unknown}
 m - 2 scrolls of identify {unknown}
Potions
 h - a potion of magic
Comestibles
 f - a bread ration
 g - 3 royal jellies
 k - a meat ration


   Skills:
 - Level 1.0 Fighting
 - Level 1.0 Short Blades
 - Level 2.0 Dodging
 + Level 9.1 Stealth
 - Level 3.2 Evocations


You had 5 spell levels left.
You didn't know any spells.

Dungeon Overview and Level Annotations

Branches:
Dungeon (5/15)
 Temple: D:4-7

Altars:


Innate Abilities, Weirdness & Mutations

You cannot wear most types of armour.
You are very stealthy in the water. (Stealth+)
You are amphibious.
You can wear up to eight rings at the same time.
You can use your tentacles to constrict eight enemies at once.
Your skin changes colour to match your surroundings (Stealth+).
Your rubbery body absorbs attacks. (AC +1, EV +1)
One of your tentacles bears a spike.
You are partially covered in slimy green scales. (AC +2)
You are clumsy. (Dex -2)
Your flesh is heat resistant. (rF+)
You are somewhat resistant to further mutation.


Message History

Evoke which item? (* to show all) (? for menu, Esc to quit)
Aiming: Random Effects
Press: ? - help, Shift-Dir - straight line, f/p - orc warrior
Aim: an orc warrior, wielding a battleaxe and wearing a plate armour (heavily wounded, constricted by you, lightly drained)
The bolt of poison hits the orc warrior.
The orc warrior is severely wounded.
This wand has 6 charges left.
You constrict the orc warrior, but do no damage.
The orc warrior closely misses you.
Unknown command.
Evoke which item? (* to show all) (? for menu, Esc to quit)
Aiming: Throw Flame
Press: ? - help, Shift-Dir - straight line, f/p - orc warrior
Aim: an orc warrior, wielding a battleaxe and wearing a plate armour (severely wounded, constricted by you, lightly drained)
The puff of flame hits the orc warrior.
The orc warrior appears unharmed.
The orc warrior is severely wounded.
This wand has 10 charges left.
You constrict the orc warrior, but do no damage.
The orc warrior hits you with a battleaxe!
You die...

######...##..#############...
#.........#...............
#<........#...............
##'#####..#...............
#......####...............
#####.........................
#..............#'######.......
#..............#......#.......
#............@.+......#.......
#............o.#..###+#.......
######'####....#).# ########
#.....+....#.>.
#.....#....#...
#######..#....#...#
#..####.[#....#
#......>[#....#+###+######
#.......('...........##..#


You could see an orc warrior.

Vanquished Creatures
  A sky beast (D:4)
  2 hounds (D:4)
  An orc priest (D:4)
  2 orc wizards
  An ooze (D:3)
  An adder skeleton (D:4)
  A dart slug (D:1)
  A leopard gecko (D:1)
  6 orcs
  A giant cockroach (D:3)
  5 jackals (D:1)
  A kobold (D:1)
  A bat (D:2)
  A frilled lizard (D:4)
  4 goblins
  4 rats
33 creatures vanquished.

Vanquished Creatures (collateral kills)
  An orc priest (D:4)
  3 orcs (D:4)
4 creatures vanquished.

Vanquished Creatures (others)
  A kraken (D:1)
  2 minotaurs (D:1)
  A vine stalker (D:1)
  An elf (D:1)
  A naga (D:1)
  A dwarf (D:1)
  2 ogres (D:1)
  8 tentacles (D:1)
17 creatures vanquished.

Grand Total: 54 creatures vanquished

Notes
Turn   | Place    | Note
-------+----------+-------------------------------------------
     0 | D:1      | M4edhros the Octopode Artificer began the quest for the Orb.
     0 | D:1      | Reached XP level 1. HP: 13/13 MP: 3/3
     0 | D:1      | Noticed a dwarf
     0 | D:1      | Noticed a minotaur
     0 | D:1      | Noticed a minotaur
     0 | D:1      | Noticed a naga
     0 | D:1      | Noticed an elf
     0 | D:1      | Noticed a minotaur
     0 | D:1      | Noticed a ghoul
     0 | D:1      | Noticed a kraken
     0 | D:1      | Noticed an ogre
     0 | D:1      | Noticed an ogre
     0 | D:1      | Noticed a gargoyle
     0 | D:1      | Noticed a vine stalker
     0 | D:1      | Noticed a ghoul
     3 | D:1      | Killed an ogre
     3 | D:1      | Killed a dwarf
     4 | D:1      | Killed a vine stalker
     5 | D:1      | Killed a minotaur
     7 | D:1      | Killed a minotaur
    12 | D:1      | Killed an elf
    13 | D:1      | Killed a naga
    14 | D:1      | Killed an ogre
    15 | D:1      | Killed a kraken
    54 | D:1      | Reached skill level 2 in Stealth
    64 | D:1      | Reached skill level 3 in Stealth
    64 | D:1      | Reached XP level 2. HP: 9/18 MP: 4/4
   487 | D:2      | Reached skill level 4 in Stealth
   499 | D:3      | Gained mutation: Your muscles are strong. (Str +2) [potion of mutation]
   499 | D:3      | Gained mutation: You possess an exceptional clarity of mind. [potion of mutation]
   499 | D:3      | Gained mutation: You are partially covered in slimy green scales. (AC +2) [potion of mutation]
   499 | D:3      | Gained mutation: You evolve. [potion of mutation]
   505 | D:3      | Reached skill level 5 in Stealth
   505 | D:3      | Reached XP level 3. HP: 13/23 MP: 5/5
   620 | D:3      | Reached XP level 4. HP: 16/28 MP: 6/6
   839 | D:4      | Reached skill level 6 in Stealth
   977 | D:4      | Noticed a phantom
  1137 | D:4      | Lost mutation: You possess an exceptional clarity of mind. [potion of mutation]
  1137 | D:4      | Lost mutation: Your muscles are strong. (Str +2) [potion of mutation]
  1137 | D:4      | Lost mutation: You evolve. [potion of mutation]
  1137 | D:4      | Gained mutation: One of your tentacles bears a spike. [potion of mutation]
  1137 | D:4      | Gained mutation: You are somewhat resistant to further mutation. [potion of mutation]
  1160 | D:4      | Noticed a sky beast
  1177 | D:4      | Killed a sky beast
  1177 | D:4      | Reached skill level 7 in Stealth
  1177 | D:4      | Reached XP level 5. HP: 15/33 MP: 7/7
  1183 | D:4      | Gained mutation: Your flesh is heat resistant. (rF+) [mutagenic meat]
  1185 | D:4      | Gained mutation: You are clumsy. (Dex -2) [mutagenic meat]
  1303 | D:4      | Reached skill level 8 in Stealth
  1330 | D:4      | Reached XP level 6. HP: 20/38 MP: 8/8
  1344 | D:5      | Entered Level 5 of the Dungeon
  1436 | D:4      | Noticed an orc warrior
  1576 | D:4      | Reached skill level 9 in Stealth
  1688 | D:4      | HP: 1/38 [orc warrior/battleaxe (17)]
  1690 | D:4      | Demolished by an orc warrior

Vault maps used:
D:1:      nicolae_arrival_kraken_aquarium_a, roderic_malta_cross
D:2:      cheibriados_altar_1, uniq_iyjb
D:5:      minmay_temple_entry_trees, first_bread

Skill      XL: |  1  2  3  4  5  6 |
---------------+-------------------+-----
Stealth        | 3 5 7 8 9 |  9.1
Fighting       | |  1.0
Short Blades   | |  1.0
Dodging        | |  2.0
Evocations     | |  3.2

Action                   |  1- 3 |  4- 6 || total
-------------------------+-------+-------++-------
Melee: Short sword       |    46 |    42 ||    88
       Constrict         |    11 |    11 ||    22
       Tentacles         |     8 |     7 ||    15
       Kick              |       |     9 ||     9
Evoke: Wand              |     2 |    22 ||    24
  Use: Potion            |     4 |     3 ||     7
 Stab: Sleeping          |     3 |     1 ||     4
       Distracted        |       |     1 ||     1
  Eat: Chunk             |       |     8 ||     8
Armor: Skin              |    10 |     6 ||    16
Dodge: Dodged            |    35 |    26 ||    61
